 Dungeon Crawl Stone Soup version 0.29.1-15-g9cfb28693d (webtiles) character file.

Game seed: 16211002036453474777

7684 Sanktem7 the Cleaver (level 11, -4/145 HPs)
             Began as a Minotaur Fighter on Mar 15, 2023.
             Was a High Priest of Okawaru.
             Shot with an arrow by a centaur warrior (23 damage)
             ... on level 10 of the Dungeon.
             The game lasted 00:13:44 (10596 turns).

Sanktem7 the Cleaver (Minotaur Fighter)            Turns: 10596, Time: 00:13:45

Health: -4/145     AC: 17    Str: 24    XL:     11   Next: 0%
Magic:  13/13      EV:  8    Int:  5    God:    Okawaru [*****.]
Gold:   568        SH:  6    Dex:  9    Spells: 10/10 levels left

rFire   . . .      SeeInvis .   a - +3 war axe (venom) {axe}
rCold   . . .      Faith    .   c - +0 buckler
rNeg    . . .      Spirit   .   I - +0 chain mail
rPois   .          Reflect  .   (helmet restricted)
rElec   .          Harm     .   o - +1 cloak
rCorr   +          Rampage  .   (no gloves)
Will    .....      Rage     3%  r - +2 pair of boots
Stlth   ..........              (no amulet)
HPRegen 0.34/turn               l - ring of resist corrosion
MPRegen 0.13/turn               (no ring)

@: berserking, very quick
A: horns 2, retaliatory headbutt, berserk 1, clumsy 1
a: Renounce Religion, Heroism, Finesse, Duel


You were on level 10 of the Dungeon.
You worshipped Okawaru.
Okawaru was extremely pleased with you.
You visited 2 branches of the dungeon, and saw 11 of its levels.

You collected 568 gold pieces.


Innate Abilities, Weirdness & Mutations

You have a pair of horns on your head.
You reflexively headbutt those who attack you in melee.
You sometimes lose your temper in combat.
You are clumsy. (Dex -2)


   Skills:
 + Level 9.3 Fighting
 * Level 12.3 Axes
 + Level 2.2 Throwing
 + Level 9.2 Armour
 + Level 9.4 Shields
 - Level 5.0 Invocations


You had 10 spell levels left.
You didn't know any spells.
Your spell library contained the following spells:

 Spells                   Type           Power      Damage    Failure   Level
 Dispersal                Tloc           0%         N/A       100%        6
 Disjunction              Tloc           0%         N/A       100%        8

Inventory:

Hand Weapons
 a - a +3 war axe of venom (weapon) {axe}
Missiles
 n - 2 datura-tipped darts {throwing}
 q - 66 stones (quivered) {throwing}
 x - 26 poisoned darts {throwing}
 z - 4 javelins {throwing}
 D - 2 boomerangs {throwing}
 E - a throwing net {=f!fthrowing}
Armour
 c - a +0 buckler (worn)
 o - a +1 cloak (worn)
   (You found it on level 9 of the Dungeon)
 r - a +2 pair of boots (worn)
   (You found it on level 2 of the Dungeon)
 I - a +0 chain mail (worn)
   (You found it on level 5 of the Dungeon)
Jewellery
 l - a ring of resist corrosion (left hand)
   (You found it on level 1 of the Dungeon)
Wands
 b - a wand of polymorph (12)
   (You found it on level 5 of the Dungeon)
 f - a wand of charming (3)
   (You found it on level 9 of the Dungeon)
 y - a wand of roots (24)
   (You found it on level 3 of the Dungeon)
 B - a wand of acid (29)
   (You found it on level 3 of the Dungeon)
Scrolls
 e - 4 scrolls of teleportation {@r4}
 g - a scroll of vulnerability {!r!r}
 j - 4 scrolls of butterflies
 k - a scroll of brand weapon
 s - a scroll of fear
 A - a scroll of acquirement {unknown}
 F - a scroll of magic mapping {!r}
Potions
 d - a potion of might
 h - a potion of mutation {!q}
 i - a potion of berserk rage {!q}
 m - a potion of cancellation
 p - 5 potions of flight
 t - a potion of invisibility {unknown}
 v - 4 potions of haste {@q3}
 w - 3 potions of heal wounds {@q2}
 C - 4 potions of curing {@q1}
 H - 3 potions of attraction {!q}

Dungeon Overview and Level Annotations

Branches:
Dungeon (10/15) Zot: 26374  Temple (1/1) D:5 Zot: 5899    Lair (0/5) D:9
    Orc: D:9-12

Altars:
Ashenzari
Cheibriados
Elyvilon
Gozag
Makhleb
Nemelex Xobeh
Okawaru
Qazlal
Sif Muna
Trog
Uskayaw
Vehumet
Wu Jian
Zin
Jiyva

Shops:
D:7 [   D:8 *

Annotations:
D:4 2 transporters, Ast3rio's ghost, amateur DEFE

#######.##....#.#.#.#.#.#..#####
#.####...#.#..#.#.#.#.#### #.##
###....#.#.#.#.#.#..##
#######.##.
####....#.#)#.##)##.# .......[#
.##.####..#.#.#.#####.#
##.###..##
#.#..####..##.####..## #.#
##.##.###.c..###.#####)†#.# #.#
#.##..........#####..)[### #.##
#.# ###.u@.##.##...##..##
#.<###.# #.#..#####...#..##..#
##.#.##.# #.## ###.##..##.#
......#.# # #####.)### #.......#
##..## #.......# ##..# #.......#
#### #.......# ######..#


You could see a cyan ugly thing (extremely poisoned) and a centaur warrior.


Message History

You completely miss the acid dragon.
The centaur hits you with a +0 battleaxe.
The centaur kicks you. The acid dragon barely misses you.
The acid dragon claws you. 😕 HP[-7]
You take 7 damage, and now have 81/91 hp.
You slice the centaur!!
You kill the centaur!
Okawaru accepts your kill.
You slash the acid dragon! The acid dragon spits acid at you.
The splash of acid hits you! You resist. 😕 HP[-9]
You take 9 damage, and now have 72/91 hp.
You hit the acid dragon. You headbutt the acid dragon.
The acid dragon bites you!
The acid dragon claws you but does no damage. 😮 HP[-10]
You take 10 damage, and now have 62/91 hp.
You are too injured to fight recklessly!
You are too injured to fight recklessly!
You are too injured to fight recklessly!
You are too injured to fight recklessly!
You are too injured to fight recklessly!
You barely miss the acid dragon. The acid dragon spits acid at you.
The splash of acid hits you. You resist. 😮 HP[-4]
You take 4 damage, and now have 58/91 hp.
You slash the acid dragon!
You kill the acid dragon!
Okawaru accepts your kill.
The acid dragon scales are intact enough to wear.
You have reached level 11! 😮 HP[+4] MP[+1]
You now have 97 max hp (+6).
You regained 4 hp, and now have 62/97 hp.
Your mp is fully restored (13).
Key pressed, stopping explore.
Key pressed, stopping explore.
Key pressed, stopping explore.
Things that are here:
a +0 battleaxe {axe}; a +0 shortbow {bow} You see here a +0 falchion {long}.
Things that are here:
a +0 battleaxe {axe}; a +0 shortbow {bow}
Things that are here:
a +0 battleaxe {axe}; a +0 shortbow {bow} A centaur warrior and a cyan ugly thing come into view.
The centaur warrior shouts!
The cyan ugly thing gurgles horribly!
The centaur warrior wields a +0 shortbow.
The centaur warrior shoots an arrow.
The arrow hits you! 😕 HP[+19]
You regained 19 hp, and now have 81/97 hp.
There are monsters nearby!
The centaur warrior shoots an arrow.
The arrow hits you but does no damage.
The centaur warrior shoots an arrow.
The arrow hits you!
The centaur warrior shoots an arrow.
The arrow hits you! 😮 HP[-31]
You take 31 damage, and now have 50/97 hp.
MASSIVE DAMAGE!! (PAUSE)
The cyan ugly thing trunk-slaps you but does no damage.
You barely miss the cyan ugly thing.
You headbutt the cyan ugly thing, but do no damage.
The cyan ugly thing trunk-slaps you.
* * * LOW HITPOINT WARNING * * *
The cyan ugly thing shocks you!
* * * LOW HITPOINT WARNING * * *
The centaur warrior shoots an arrow.
You block the arrow. 😨 HP[-19]
You take 19 damage, and now have 31/97 hp.
A red film seems to cover your vision as you go berserk!
You feel yourself moving faster!
You feel mighty!
You barely miss the cyan ugly thing. You block the cyan ugly thing's attack.
The centaur warrior shoots an arrow.
The arrow misses you. 😨 HP[+15]
You now have 145 max hp (+48).
You regained 15 hp, and now have 46/145 hp.
You slash the cyan ugly thing!
Your headbutt misses the cyan ugly thing.
The cyan ugly thing trunk-slaps you but does no damage.
The centaur warrior shoots an arrow.
The arrow hits you but does no damage.
You slash the cyan ugly thing!
The cyan ugly thing is poisoned.
The centaur warrior shoots an arrow.
The arrow barely misses you. 😨 HP[+1]
You slash the cyan ugly thing!
The cyan ugly thing looks as sick as possible!
Your headbutt misses the cyan ugly thing.
The cyan ugly thing trunk-slaps you.
* * * LOW HITPOINT WARNING * * *
The cyan ugly thing shocks you!
* * * LOW HITPOINT WARNING * * *
😱 HP[-19]
You take 19 damage, and now have 28/145 hp.
You slash the cyan ugly thing!
The centaur warrior shoots an arrow.
The arrow hits you!
* * * LOW HITPOINT WARNING * * *
The cyan ugly thing closely misses you.
The centaur warrior shoots an arrow.
The arrow hits you!!
You die...

Skill      XL: |  1  2  3  4  5  6  7  8  9 10 |
---------------+-------------------------------+-----
Axes           | 3 4 5 6 7 9 10 12 | 12.3
Shields        | 4 5 6 7 8 9 |  9.4
Fighting       | 4 5 6 7 8 9 |  9.3
Armour         | 4 5 6 7 8 9 |  9.2
Invocations    | 2 4 5 |  5.0
Throwing       | 2 |  2.2

Action                   |  1- 3 |  4- 6 |  7- 9 | 10-12 || total
-------------------------+-------+-------+-------+-------++-------
Melee: War axe           |    68 |   113 |   240 |    85 ||   506
       Headbutt          |     7 |    15 |    40 |    17 ||    79
  Use: Scroll            |       |       |    20 |     1 ||    21
       Potion            |       |       |     4 |     2 ||     6
Armor: Scale mail        |    34 |    48 |     7 |       ||    89
       Chain mail        |       |       |   131 |    49 ||   180
Dodge: Dodged            |    34 |    71 |    78 |    43 ||   226
Block: Buckler           |    14 |    27 |    67 |    21 ||   129

Levels and vault maps discovered:
D:1:      roderic_crop_circles_arrival_small, layout_basic, nrook_campfire,
          serial_bayou_pond_c, minmay_tree_intersection,
          kennysheep_decorative_pillar, hangedman_decor_opposing,
          minmay_liquid_box
D:2:      layout_rooms, nicolae_ecumenical_oubliette, grunt_decor_resistance,
          grunt_ministairs_14, minmay_unequal
D:3:      layout_basic, lemuel_round_altar
D:4:      layout_rooms, gammafunk_ghost_stat_death, minmay_cupped
D:5:      layout_rooms, amcnicky_altar_gilded,
          mainiacjoe_overflow_surrounded_room, minmay_temple_entry_stoned_glass,
          kennysheep_small_circle
D:6:      layout_basic, grunt_decor_fettered, nicolae_fountain_basement,
          uniq_edmund, uniq_blork_the_orc
D:7:      cheibrodos_iron_armory, layout_gridville, serial_shops,
          nicolae_stop_n_shop_1, minmay_misc_feat_diagonals, uniq_menkaure
D:8:      layout_rooms, zin_statuary, serial_shops, nicolae_shop_hallway_plus,
          jiyva_altar_1, uniq_joseph
D:9:      layout_loops_cross, david_lair_generic, uniq_maurice, uniq_psyche
D:10:     minmay_the_grid_triangle_9x9_rhombus_full
          [minmay_the_grid_triangle_9x9_limited_checkers,
          minmay_the_grid_triangle_9x9_warning,
          minmay_the_grid_triangle_9x9_sparse_checkered,
          minmay_the_grid_triangle_9x9_impossible_snake,
          minmay_the_grid_triangle_9x9_semitri,
          minmay_the_grid_triangle_9x9_steps,
          minmay_the_grid_triangle_9x9_subtriangle,
          minmay_the_grid_triangle_9x9_prize_schism], layout_loops_ring,
          mainiacjoe_overflow_large_starburst, zombieorc2_lemuel, enter_trove_1
Temple:   nicolae_temple_bog_church

Notes
Turn   | Place    | Note
-------+----------+-------------------------------------------
     0 | D:1      | Sanktem7 the Minotaur Fighter began the quest for the Orb.
     0 | D:1      | Reached XP level 1. HP: 19/19 MP: 0/0
     0 | D:1      | magus.rc [v1.9.6]
   239 | D:1      | Reached XP level 2. HP: 27/27 MP: 1/1
   358 | D:1      | Reached skill level 3 in Axes
   760 | D:1      | Reached skill level 4 in Shields
   760 | D:1      | Reached XP level 3. HP: 33/33 MP: 2/2
   798 | D:1      | Reached skill level 4 in Fighting
   798 | D:1      | Reached skill level 4 in Armour
  1008 | D:2      | Identified the +2 helmet "Cocuwe" {Regen+ rCorr Dex+3 SInv}
  1276 | D:2      | Found a faded altar of an unknown god.
  1368 | D:2      | Reached XP level 4. HP: 18/40 MP: 3/3
  1370 | D:2      | Reached skill level 4 in Axes
  1845 | D:3      | Found a burning altar of Makhleb.
  2061 | D:3      | Noticed an ogre
  2062 | D:3      | HP: 7/41 [ogre/+0 giant club (34)]
  2063 | D:3      | Killed an ogre
  2064 | D:3      | Reached XP level 5. HP: 8/47 MP: 4/4
  2746 | D:4      | Reached skill level 5 in Axes
  2754 | D:4      | Reached XP level 6. HP: 23/55 MP: 5/5
  3008 | D:4      | Reached skill level 5 in Armour
  3008 | D:4      | Reached skill level 5 in Shields
  3085 | D:4      | Reached skill level 5 in Fighting
  3136 | D:4      | Found a transporter.
  3140 | D:4      | Noticed Ast3rio's ghost (amateur DEFE)
  3174 | D:4      | Found a transporter.
  3379 | D:5      | Entered Level 5 of the Dungeon
  3400 | D:5      | Found a staircase to the Ecumenical Temple.
  3418 | D:5      | Reached skill level 6 in Axes
  3565 | D:5      | Reached XP level 7. HP: 59/61 MP: 6/6
  3584 | Temple   | Entered the Ecumenical Temple
  3668 | Temple   | Became a worshipper of Warmaster Okawaru
  3822 | D:5      | Found a radiant altar of Vehumet.
  3879 | D:5      | You pick up a book of the Warp and begin reading...
  3879 | D:5      | You add the spells Dispersal and Disjunction to your
                  | library.
  4176 | D:5      | Reached skill level 7 in Axes
  4256 | D:5      | Found a bloodstained altar of Trog.
  4269 | D:5      | Reached skill level 6 in Fighting
  4269 | D:5      | Reached skill level 6 in Armour
  4269 | D:5      | Reached skill level 6 in Shields
  4271 | D:5      | Reached XP level 8. HP: 70/70 MP: 7/7
  4343 | D:6      | Noticed Blork the orc
  4353 | D:6      | Killed Blork the orc
  4353 | D:6      | Reached * piety under Okawaru
  4353 | D:6      | HP: 15/70 [water moccasin (4)]
  4356 | D:6      | HP: 7/70 [poisoned by a water moccasin]
  4357 | D:6      | Reached skill level 1 in Invocations
  4825 | D:5      | Gained mutation: You are clumsy. (Dex -2) [potion of
                  | mutation]
  4825 | D:5      | Gained mutation: You sometimes lose your temper in combat.
                  | [potion of mutation]
  4983 | D:6      | Reached skill level 8 in Axes
  5405 | D:6      | Noticed Edmund
  5410 | D:6      | Killed Edmund
  5411 | D:6      | Reached skill level 2 in Invocations
  5457 | D:6      | Reached ** piety under Okawaru
  5700 | D:6      | Reached skill level 7 in Shields
  5713 | D:6      | Reached skill level 7 in Armour
  6002 | D:6      | Identified the +1 trident "Bebrugh" {flame, rCorr Dex+3}
  6058 | D:6      | Reached skill level 7 in Fighting
  6182 | D:7      | Found Vuzudghe's Antique Armour Shoppe.
  6191 | D:6      | Reached skill level 9 in Axes
  6191 | D:6      | Reached XP level 9. HP: 45/76 MP: 10/10
  6364 | D:7      | Reached skill level 3 in Invocations
  7121 | D:7      | Reached *** piety under Okawaru
  7504 | D:7      | Reached skill level 10 in Axes
  7796 | D:7      | Noticed Menkaure
  7801 | D:7      | Killed Menkaure
  8123 | D:8      | Found a viscous altar of Jiyva.
  8251 | D:8      | Found a glowing silver altar of Zin.
  8316 | D:8      | Reached skill level 8 in Shields
  8337 | D:8      | Reached skill level 4 in Invocations
  8445 | D:8      | Noticed Joseph
  8461 | D:8      | Killed Joseph
  8462 | D:8      | Reached skill level 8 in Fighting
  8462 | D:8      | Reached skill level 8 in Armour
  8545 | D:8      | Found Ditzia's Assorted Antiques.
  8691 | D:9      | Noticed Maurice
  8694 | D:9      | Noticed an elephant
  8713 | D:8      | Killed Maurice
  8714 | D:8      | Reached XP level 10. HP: 32/88 MP: 12/12
  8714 | D:8      | Killed an elephant
  8714 | D:8      | Reached **** piety under Okawaru
  8964 | D:9      | Reached skill level 11 in Axes
  9002 | D:9      | Found a staircase to the Lair.
  9525 | D:9      | Noticed Psyche
  9535 | D:9      | Killed Psyche
  9536 | D:9      | Reached skill level 5 in Invocations
  9976 | D:10     | Entered Level 10 of the Dungeon
  9992 | D:10     | Found a sparkling altar of Nemelex Xobeh.
 10066 | D:10     | Noticed a two-headed ogre
 10078 | D:10     | Reached ***** piety under Okawaru
 10079 | D:10     | Reached skill level 9 in Fighting
 10079 | D:10     | Reached skill level 1 in Throwing
 10079 | D:10     | Reached skill level 9 in Shields
 10086 | D:10     | Killed a two-headed ogre
 10087 | D:10     | Reached skill level 12 in Axes
 10087 | D:10     | Reached skill level 9 in Armour
 10291 | D:10     | Reached skill level 2 in Throwing
 10298 | D:10     | Received a gift from Okawaru
 10419 | D:10     | Reached XP level 11. HP: 62/97 MP: 13/13
 10587 | D:10     | Noticed a centaur warrior
 10587 | D:10     | Noticed a cyan ugly thing
 10595 | D:10     | HP: 28/145 [cyan ugly thing (15)]
 10596 | D:10     | Shot with an arrow by a centaur warrior

Vanquished Creatures
  A two-headed ogre (D:10)
  Maurice (D:8)
  An elephant (D:8)
  Joseph (D:8)
  Psyche (D:9)
  2 trolls
  A hornet (D:10)
  2 shadows
  2 yaks (D:10)
  3 wyverns (D:9)
  A basilisk (D:9)
  A steam dragon (D:9)
  3 vampire mosquitoes (D:7)
  Edmund (D:6)
  An acid dragon (D:10)
  Menkaure (D:7)
  4 water moccasins
  A black bear (D:9)
  3 orc warriors
  2 ice beasts
  2 ogres
  3 centaurs
  2 phantoms
  Blork the orc (D:6)
  A kobold brigand (D:6)
  3 necrophages
  3 bullfrogs
  3 scorpions (D:5)
  5 wights
  A killer bee (D:10)
  2 howler monkeys
  6 jellies
  2 hounds (D:5)
  4 iguanas
  3 orc wizards
  13 gnolls
  5 adders
  2 shadow imps
  A white imp (D:5)
  An ufetubus (D:4)
  3 worms
  4 dart slugs
  17 orcs
  8 ball pythons
  4 endoplasms
  3 giant cockroaches
  4 goblins
  6 hobgoblins
  8 jackals
  3 quokkas
  4 bats
  2 frilled lizards
  10 kobolds
  8 rats
180 creatures vanquished.

Table legend:
 A = Non-vault XP
 B = Vault XP
 C = Vault XP percentage of total XP
 D = Non-vault monster count
 E = Vault monster count
 F = Vault count percentage of total count
                 A         B        C        D         E       F
            +---------+---------+-------+---------+---------+-------
      Total |    6040 |    4938 |  45.0 |     146 |      34 |  18.9
            +---------+---------+-------+---------+---------+-------
        D:1 |      45 |       0 |   0.0 |      23 |       0 |   0.0
        D:2 |      76 |       6 |   7.3 |      16 |       4 |  20.0
        D:3 |     160 |       0 |   0.0 |      15 |       0 |   0.0
        D:4 |     276 |      39 |  12.4 |      18 |       3 |  14.3
        D:5 |     600 |     227 |  27.4 |      18 |       2 |  10.0
        D:6 |    1232 |     253 |  17.0 |      25 |       2 |   7.4
        D:7 |    1391 |     154 |  10.0 |      19 |       1 |   5.0
        D:8 |     195 |    1487 |  88.4 |       5 |       7 |  58.3
        D:9 |    1241 |     906 |  42.2 |       6 |       4 |  40.0
       D:10 |     824 |    1866 |  69.4 |       1 |      11 |  91.7
            +---------+---------+-------+---------+---------+-------

Illustrated notes

Table legend:
 A = Kills in this place as a percentage of kills in entire the game.
 B = Kills by you in this place as a percentage of kills by you in the entire game.
 C = Kills by friends in this place as a percentage of kills by friends in the entire game.
 D = Other kills in this place as a percentage of other kills in the entire game.
 E = Experience gained in this place as a percentage of experience gained in the entire game.
 F = Experience gained in this place divided by the number of levels of this place that you have seen.
                   A       B       C       D       E      F
               +-------+-------+-------+-------+-------+----------------------
         Total | 100.0 | 100.0 |   N/A |   N/A | 100.0 | 998.0
       Dungeon | 100.0 | 100.0 |   N/A |   N/A | 100.0 | 1097.8
               +-------+-------+-------+-------+-------+----------------------

Table legend: (Time is in decaauts)
 A = Elapsed time spent in this place.
 B = Non-inter-level travel time spent in this place.
 C = Inter-level travel time spent in this place.
 D = Time resting spent in this place.
 E = Time spent auto-exploring this place.
 F = Levels seen in this place.
 G = Mean time per level.
                   A        B        C        D        E       F      G
               +--------+--------+--------+--------+--------+-----+--------+
         Total |  10768 |  10433 |    335 |   1947 |   7225 |  11 |  978.9 |
       Dungeon |  10667 |  10343 |    324 |   1947 |   7153 |  10 | 1066.7 |
        Temple |    100 |     89 |     11 |      0 |     72 |   1 |  100.0 |
               +--------+--------+--------+--------+--------+-----+--------+

Top non-repeatable levels by time:
     D:7: 1789 daAuts
     D:6: 1485 daAuts
     D:5: 1305 daAuts
     D:9: 1076 daAuts
     D:1: 1019 daAuts
     D:4: 867 daAuts
     D:2: 849 daAuts
     D:3: 839 daAuts
     D:8: 810 daAuts
    D:10: 624 daAuts
  Temple: 100 daAuts
